[ AOE2 MATCH · #493744983 ]
UnrankedItalians vs Britons
Player's team · WIN
Rival team · LOSS
[ REPLAY ANALYSIS · EXTRACTED FROM THE RECORDED GAME ]
Feudal
11:11
Castle
15:06
Imperial
27:17
| APM avg | 28.0 |
| APM peak | 89 |
| eAPM avg | 11.3 |
| Villagers / military | 59 / 18 |
Focus
⚔️ 25.2% · 🌾 74.8%
Unknown (882) ×9 · Genoese Crossbowman ×9 · Trebuchet (Packed) ×3 · Monk ×2 · Mangonel ×2 · Bombard Cannon ×2
Feudal
11:02
Castle
14:34
Imperial
30:37
| APM avg | 24.7 |
| APM peak | 65 |
| eAPM avg | 11.2 |
| Villagers / military | 87 / 14 |
Focus
⚔️ 19.7% · 🌾 80.3%
Longbowman ×5 · Mangonel ×4 · Archer ×3 · Trebuchet (Packed) ×2
Match map
Initial resources + every placement click. Lines = walls · curves = elevation contours. ◆ gold · ⬟ stone · ● berries · ✦ relic · ◌ wall gap
Your base· ✓ Closed at 15:06 · 0t walls · 3 gate(s)
panxito's base· ✓ Closed at 14:34 · 0t walls · 2 gate(s)
Smoothed initial terrain · ◌ = detected wall gap · hover for details
Inputs per minute
— Karlak - - panxito
Build order — Karlak
First 150 of 156 actions detected
| 0:01 | Create | Villager (Male) |
| 0:01 | Create | Villager (Male) |
| 0:02 | Create | Villager (Male) |
| 0:03 | Build | House |
| 0:05 | Build | House |
| 0:50 | Create | Villager (Male) |
| 0:50 | Create | Villager (Male) |
| 1:45 | Create | Villager (Male) |
| 1:45 | Create | Villager (Male) |
| 1:49 | Build | Lumber Camp |
| 2:03 | Create | Villager (Male) |
| 2:03 | Create | Villager (Male) |
| 2:03 | Create | Villager (Male) |
| 3:35 | Create | Villager (Male) |
| 3:35 | Create | Villager (Male) |
| 3:35 | Create | Villager (Male) |
| 3:36 | Create | Villager (Male) |
| 3:59 | Create | Villager (Male) |
| 4:03 | Build | Mill |
| 4:10 | Create | Villager (Male) |
| 4:15 | Create | Villager (Male) |
| 4:25 | Build | House |
| 4:33 | Create | Villager (Male) |
| 4:50 | Create | Villager (Male) |
| 5:27 | Build | House |
| 5:51 | Create | Villager (Male) |
| 5:52 | Create | Villager (Male) |
| 6:14 | Create | Villager (Male) |
| 6:36 | Create | Villager (Male) |
| 6:48 | Create | Villager (Male) |
| 6:57 | Create | Villager (Male) |
| 7:21 | Create | Villager (Male) |
| 7:49 | Build | Mining Camp |
| 8:43 | Build | Mining Camp |
| 9:01 | Research | Feudal Age |
| 9:35 | Create | Villager (Male) |
| 9:36 | Create | Villager (Male) |
| 10:31 | Build | Farm |
| 10:56 | Build | Farm |
| 11:11 | Age | Feudal Age |
| 11:18 | Build | Market |
| 11:25 | Build | Farm |
| 11:40 | Build | Blacksmith |
| 12:10 | Research | Loom |
| 12:26 | Research | Castle Age |
| 12:30 | Research | Double-Bit Axe |
| 12:42 | Research | Horse Collar |
| 13:04 | Research | Loom |
| 13:05 | Create | Villager (Male) |
| 13:05 | Create | Villager (Male) |
| 13:49 | Build | House |
| 13:51 | Build | House |
| 13:56 | Create | Villager (Male) |
| 15:06 | Age | Castle Age |
| 15:09 | Build | Castle |
| 15:13 | Build | Palisade Wall |
| 15:15 | Build | Palisade Wall |
| 15:32 | Build | Palisade Gate |
| 15:48 | Research | Bow Saw |
| 15:56 | Build | Lumber Camp |
| 16:46 | Build | Mining Camp |
| 17:02 | Build | Siege Workshop |
| 17:06 | Research | Wheelbarrow |
| 17:06 | Create | Villager (Male) |
| 17:07 | Create | Villager (Male) |
| 17:16 | Create | Genoese Crossbowman |
| 17:17 | Create | Genoese Crossbowman |
| 17:32 | Create | Genoese Crossbowman |
| 17:49 | Build | Farm |
| 17:54 | Build | Farm |
| 17:58 | Build | Farm |
| 18:03 | Create | Mangonel |
| 18:46 | Create | Villager (Male) |
| 18:56 | Create | Villager (Male) |
| 18:56 | Create | Villager (Male) |
| 19:29 | Create | Villager (Male) |
| 19:59 | Create | Villager (Male) |
| 20:12 | Create | Villager (Male) |
| 20:12 | Create | Villager (Male) |
| 20:16 | Build | Farm |
| 20:16 | Build | Farm |
| 20:16 | Build | Farm |
| 20:17 | Build | Farm |
| 20:22 | Build | Farm |
| 20:22 | Build | Farm |
| 20:23 | Build | Farm |
| 20:23 | Build | Farm |
| 20:24 | Build | Farm |
| 20:24 | Build | Farm |
| 20:28 | Create | Villager (Male) |
| 20:29 | Create | Villager (Male) |
| 20:50 | Create | Villager (Male) |
| 21:00 | Build | Monastery |
| 21:50 | Create | Monk |
| 21:50 | Create | Monk |
| 22:02 | Build | House |
| 22:20 | Create | Villager (Male) |
| 22:21 | Create | Villager (Male) |
| 22:29 | Build | Farm |
| 22:29 | Build | Farm |
| 22:30 | Build | Farm |
| 22:48 | Create | Genoese Crossbowman |
| 23:08 | Build | Lumber Camp |
| 23:13 | Create | Villager (Male) |
| 24:07 | Research | Imperial Age |
| 24:21 | Create | Genoese Crossbowman |
| 24:53 | Build | University |
| 24:58 | Research | Gold Mining |
| 25:12 | Create | Mangonel |
| 25:27 | Create | Villager (Male) |
| 25:28 | Create | Villager (Male) |
| 26:04 | Create | Villager (Male) |
| 26:05 | Create | Villager (Male) |
| 26:14 | Build | House |
| 26:16 | Build | House |
| 26:27 | Research | Ballistics |
| 26:39 | Research | Fletching |
| 26:52 | Build | Barracks |
| 26:58 | Create | Genoese Crossbowman |
| 26:58 | Create | Genoese Crossbowman |
| 27:04 | Research | Padded Archer Armor |
| 27:17 | Age | Imperial Age |
| 27:19 | Research | Conscription |
| 27:22 | Research | Chemistry |
| 27:28 | Create | Trebuchet (Packed) |
| 27:34 | Create | Villager (Male) |
| 27:35 | Create | Villager (Male) |
| 27:43 | Research | Bodkin Arrow |
| 27:45 | Create | Villager (Male) |
| 27:59 | Create | Trebuchet (Packed) |
| 28:04 | Create | Unit 882 |
| 28:04 | Create | Unit 882 |
| 28:05 | Create | Unit 882 |
| 28:09 | Build | Barracks |
| 28:45 | Create | Villager (Male) |
| 29:16 | Create | Bombard Cannon |
| 29:24 | Create | Trebuchet (Packed) |
| 29:33 | Research | Scale Mail Armor |
| 29:34 | Create | Villager (Male) |
| 30:30 | Research | Squires |
| 30:31 | Create | Unit 882 |
| 30:31 | Create | Unit 882 |
| 30:32 | Create | Unit 882 |
| 30:32 | Create | Unit 882 |
| 30:32 | Create | Unit 882 |
| 30:32 | Create | Unit 882 |
| 30:53 | Create | Genoese Crossbowman |
| 30:53 | Create | Genoese Crossbowman |
| 30:56 | Research | Bracer |
| 30:59 | Create | Villager (Male) |
Build order — panxito
First 150 of 194 actions detected
| 0:00 | Create | Villager (Male) |
| 0:01 | Create | Villager (Male) |
| 0:01 | Create | Villager (Male) |
| 0:01 | Create | Villager (Male) |
| 0:03 | Build | House |
| 0:04 | Build | House |
| 1:21 | Create | Villager (Male) |
| 1:53 | Create | Villager (Male) |
| 1:54 | Create | Villager (Male) |
| 2:11 | Create | Villager (Male) |
| 2:11 | Create | Villager (Male) |
| 2:27 | Build | Lumber Camp |
| 2:34 | Create | Villager (Male) |
| 3:26 | Create | Villager (Male) |
| 3:26 | Create | Villager (Male) |
| 3:27 | Create | Villager (Male) |
| 3:46 | Create | Villager (Male) |
| 4:05 | Build | House |
| 4:07 | Build | House |
| 4:15 | Create | Villager (Male) |
| 4:15 | Create | Villager (Male) |
| 4:55 | Create | Villager (Male) |
| 5:03 | Create | Villager (Male) |
| 5:48 | Create | Villager (Male) |
| 5:49 | Create | Villager (Male) |
| 5:49 | Create | Villager (Male) |
| 6:05 | Build | Mill |
| 6:15 | Create | Villager (Male) |
| 6:17 | Create | Villager (Male) |
| 6:50 | Build | Mining Camp |
| 7:02 | Create | Villager (Male) |
| 7:02 | Research | Loom |
| 8:18 | Research | Feudal Age |
| 8:32 | Build | Farm |
| 8:38 | Build | Farm |
| 9:52 | Create | Villager (Male) |
| 9:54 | Create | Villager (Male) |
| 11:02 | Age | Feudal Age |
| 11:04 | Build | Market |
| 11:12 | Build | Blacksmith |
| 11:54 | Research | Castle Age |
| 12:16 | Build | House |
| 12:36 | Research | Double-Bit Axe |
| 13:07 | Build | House |
| 13:12 | Research | Horse Collar |
| 13:18 | Build | Farm |
| 13:25 | Build | Farm |
| 13:31 | Build | Farm |
| 13:37 | Build | Farm |
| 13:43 | Build | Farm |
| 13:50 | Build | Farm |
| 14:04 | Build | Farm |
| 14:34 | Age | Castle Age |
| 14:35 | Build | Farm |
| 14:35 | Build | Farm |
| 14:35 | Build | Farm |
| 14:47 | Create | Villager (Male) |
| 14:47 | Create | Villager (Male) |
| 14:58 | Build | Town Center |
| 15:17 | Research | Bow Saw |
| 15:22 | Create | Villager (Male) |
| 15:44 | Create | Villager (Male) |
| 16:03 | Build | Farm |
| 16:08 | Create | Villager (Male) |
| 16:16 | Build | Farm |
| 16:16 | Build | Farm |
| 16:16 | Build | Farm |
| 16:17 | Build | Farm |
| 16:31 | Create | Villager (Male) |
| 16:34 | Create | Villager (Male) |
| 16:52 | Build | Siege Workshop |
| 17:00 | Build | Farm |
| 17:00 | Build | Farm |
| 17:18 | Build | Stone Wall |
| 17:25 | Build | Stone Wall |
| 17:34 | Create | Mangonel |
| 17:34 | Create | Mangonel |
| 17:37 | Create | Villager (Male) |
| 17:38 | Create | Villager (Male) |
| 17:40 | Create | Villager (Male) |
| 18:01 | Create | Villager (Male) |
| 18:16 | Create | Mangonel |
| 18:22 | Build | Stone Wall |
| 18:32 | Create | Villager (Male) |
| 18:34 | Create | Villager (Male) |
| 18:36 | Build | House |
| 19:13 | Build | Town Center |
| 19:15 | Create | Villager (Male) |
| 19:16 | Create | Villager (Male) |
| 19:40 | Create | Villager (Male) |
| 19:54 | Create | Mangonel |
| 19:56 | Create | Villager (Male) |
| 20:05 | Create | Villager (Male) |
| 20:07 | Create | Villager (Male) |
| 20:10 | Create | Villager (Male) |
| 20:23 | Create | Villager (Male) |
| 20:26 | Create | Villager (Male) |
| 20:28 | Build | House |
| 20:31 | Build | House |
| 20:48 | Research | Wheelbarrow |
| 20:50 | Create | Villager (Male) |
| 21:03 | Build | Farm |
| 21:04 | Create | Villager (Male) |
| 21:06 | Create | Villager (Male) |
| 21:10 | Create | Villager (Male) |
| 21:29 | Create | Villager (Male) |
| 21:35 | Build | Barracks |
| 21:38 | Create | Villager (Male) |
| 21:50 | Research | Town Watch |
| 21:56 | Create | Villager (Male) |
| 22:18 | Build | Farm |
| 22:18 | Build | Farm |
| 22:18 | Build | Farm |
| 22:18 | Build | Farm |
| 22:28 | Create | Villager (Male) |
| 22:43 | Create | Villager (Male) |
| 23:03 | Build | Lumber Camp |
| 23:12 | Create | Villager (Male) |
| 23:14 | Create | Villager (Male) |
| 23:17 | Build | House |
| 23:19 | Build | House |
| 23:19 | Build | House |
| 23:21 | Build | House |
| 23:26 | Create | Villager (Male) |
| 23:39 | Create | Villager (Male) |
| 23:41 | Create | Villager (Male) |
| 24:02 | Build | Farm |
| 24:02 | Build | Farm |
| 24:02 | Build | Farm |
| 24:02 | Build | Farm |
| 24:02 | Build | Farm |
| 24:03 | Build | Farm |
| 24:05 | Create | Villager (Male) |
| 24:14 | Create | Villager (Male) |
| 24:21 | Build | Farm |
| 24:37 | Create | Villager (Male) |
| 24:46 | Create | Villager (Male) |
| 24:54 | Create | Villager (Male) |
| 24:59 | Build | Farm |
| 24:59 | Build | Farm |
| 24:59 | Build | Farm |
| 24:59 | Build | Farm |
| 25:00 | Build | Farm |
| 25:12 | Build | House |
| 25:14 | Build | House |
| 25:17 | Build | House |
| 25:18 | Build | House |
| 25:20 | Create | Villager (Male) |
| 25:27 | Create | Villager (Male) |
| 25:32 | Create | Villager (Male) |
Match timeline
| 11:02 | panxito · age_up feudal |
| 11:11 | Karlak · age_up feudal |
| 14:34 | panxito · age_up castle |
| 15:06 | Karlak · age_up castle |
| 15:09 | Karlak · first_building Castle |
| 15:13 | Karlak · wall_segment Palisade Wall x1 |
| 15:15 | Karlak · wall_segment Palisade Wall x1 |
| 16:52 | panxito · first_building Siege Workshop |
| 17:02 | Karlak · first_building Siege Workshop |
| 17:18 | panxito · wall_segment Stone Wall x12 |
| 17:25 | panxito · wall_segment Stone Wall x6 |
| 18:22 | panxito · wall_segment Stone Wall x10 |
| 19:03 | panxito · first_market_buy 100 stone |
| 21:00 | Karlak · first_building Monastery |
| 21:35 | panxito · first_building Barracks |
| 23:05 | Karlak · first_market_buy 100 wood |
| 24:41 | Karlak · first_market_sell 100 stone |
| 26:52 | Karlak · first_building Barracks |
| 27:17 | Karlak · age_up imperial |
| 27:44 | panxito · first_building Castle |
| 28:47 | panxito · first_building Archery Range |
| 30:35 | panxito · first_building Stable |
| 30:37 | panxito · age_up imperial |
| 31:14 | panxito · resign |
[ AI ANALYSIS · 1 CREDIT ]
What really happened in this match?
Wolo.gg analyzes every decision: build order, eco, micro, common mistakes by bracket. Personalized analysis on WhatsApp or Discord in 30 seconds.
Civ guide
Italians
Perfil
Karlak